 Dungeon Crawl Stone Soup version 0.21.1-1-g345015fe64 (webtiles) character file.

226 Peloso the Shield-Bearer (level 5, 0/47 HPs)
             Began as a Minotaur Fighter on Apr 8, 2018.
             Slain by a gnoll
             ... wielding a +0 flail
              (10 damage)
             ... on level 3 of the Dungeon.
             The game lasted 00:03:58 (2511 turns).

Peloso the Shield-Bearer (Minotaur Fighter)         Turns: 2511, Time: 00:03:59

Health: 0/47       AC:  9    Str: 20    XL:     5   Next: 69%
Magic:  4/4        EV:  6    Int:  5    God:
Gold:   108        SH:  9    Dex: 11    Spells: 4/4 levels left

rFire    . . .     SeeInvis .   a - +0 long sword
rCold    . . .     Gourm    .   c - +0 shield
rNeg     . . .     Faith    .   b - +0 chain mail
rPois    .         Spirit   .   (helmet restricted)
rElec    .         Reflect  .   (no cloak)
rCorr    .         Harm     .   (no gloves)
MR       .....                  (no boots)
Stlth    ..........             (no amulet)
HPRegen  0.15/turn              i - ring of stealth
MPRegen  0.09/turn              (no ring)

@: no status effects
A: retaliatory headbutt, horns 2
a: no special abilities


You were on level 3 of the Dungeon.
You were very hungry.

You visited 1 branch of the dungeon, and saw 3 of its levels.

You collected 108 gold pieces.

Inventory:

Hand Weapons
 a - a +0 long sword (weapon)
 g - a +2 vampiric hand axe
Armour
 b - a +0 chain mail (worn)
 c - a +0 shield (worn)
Jewellery
 i - a ring of stealth (left hand)
Scrolls
 j - a scroll of remove curse {unknown}
 k - a scroll of amnesia {unknown}
 l - 2 scrolls of identify {unknown}
 m - a scroll of enchant weapon {unknown}
Potions
 d - a potion of might
 e - 3 potions of curing {unknown}
 h - a potion of heal wounds {unknown}
 n - a potion of agility {unknown}
Comestibles
 f - 4 rations


   Skills:
 + Level 4.8 Fighting
 + Level 4.7 Long Blades
 + Level 4.6 Armour
 + Level 0.8 Dodging
 + Level 0.2 Stealth
 + Level 4.8 Shields


You had 4 spell levels left.
You didn't know any spells.

Dungeon Overview and Level Annotations

Branches:
Dungeon (3/15)

Altars:


Innate Abilities, Weirdness & Mutations

You reflexively headbutt those who attack you in melee.
You have a pair of horns on your head.


Message History

Your shield and chain mail prevent you from hitting the gnoll.
Your headbutt misses the gnoll. The gnoll closely misses you.
You furiously retaliate!
You headbutt the gnoll. The gnoll hits you but does no damage.
The gnoll hits you from afar with a spear.
You hit the gnoll but do no damage. You headbutt the gnoll.
The gnoll is moderately wounded.
You block the gnoll's attack. The gnoll barely misses you.
You block the gnoll's attack.
You hit the gnoll.
The gnoll is severely wounded.
The gnoll hits you but does no damage. You block the gnoll's attack.
The gnoll hits you from afar with a halberd!
* * * LOW HITPOINT WARNING * * *
You closely miss the gnoll.
The gnoll is severely wounded.
The gnoll hits you from afar with a spear.
* * * LOW HITPOINT WARNING * * *
The gnoll hits you with a flail!
You die...

.# .# .# .# .#######
....)..#
..###..######
..###.......########
..#.....###....)@gg#
..#.#..## ########g#
..#.#..# #.#
.......## ##g#####
........# #ggg...#
.#..##..# #.g###.#
.#..##..####### #.g.
.#......#.....#
#.#.#
....#...#.....# ..
..


You could see 3 gnolls.

Vanquished Creatures
  An ogre (D:3)
  7 gnolls
  3 worms
  3 dart slugs
  2 leopard geckos (D:1)
  3 giant cockroaches
  6 goblins
  7 hobgoblins
  2 jackals (D:1)
  5 kobolds
  2 quokkas
  A ball python (D:3)
  7 bats
  4 frilled lizards
  6 rats
59 creatures vanquished.

Notes
Turn   | Place    | Note
-------+----------+-------------------------------------------
     0 | D:1      | Peloso the Minotaur Fighter began the quest for the Orb.
     0 | D:1      | Reached XP level 1. HP: 19/19 MP: 0/0
   175 | D:1      | Reached XP level 2. HP: 27/27 MP: 1/1
   892 | D:1      | Reached XP level 3. HP: 33/33 MP: 2/2
  1753 | D:2      | Reached XP level 4. HP: 36/40 MP: 3/3
  1797 | D:2      | Found a faded altar of an unknown god.
  2259 | D:3      | Noticed an ogre
  2266 | D:3      | Killed an ogre
  2266 | D:3      | Reached XP level 5. HP: 47/47 MP: 4/4
  2511 | D:3      | Slain by a gnoll

Skill      XL: |  1  2  3  4 |
---------------+-------------+-----
Shields        | 4 |  4.8
Fighting       | 4 |  4.8
Armour         | 4 |  4.6
Long Blades    | 3 4 |  4.7
Dodging        | |  0.8
Stealth        | |  0.2

Action                   |  1- 3 |  4- 6 || total
-------------------------+-------+-------++-------
Melee: Long sword        |    83 |    70 ||   153
       Headbutt          |    10 |    17 ||    27
  Eat: Chunk             |     3 |     1 ||     4
Armor: Scale mail        |    35 |    19 ||    54
       Chain mail        |       |    17 ||    17
Dodge: Dodged            |    30 |    26 ||    56
Block: Shield            |    59 |    46 ||   105
       Rpst.: Long sword |     6 |     5 ||    11
